 Dungeon Crawl Stone Soup version 0.30-a0-331-g8ab09dc110 (webtiles) character file.

Game seed: 4568684638785505935

58 MisterAzrael the Caller (level 3, -1/19 HPs)
             Began as a Deep Elf Summoner on Oct 29, 2022.
             Killed from afar by an orc wizard (9 damage)
             ... with a puff of flame
             ... on level 3 of the Dungeon.
             The game lasted 00:03:07 (2040 turns).

MisterAzrael the Caller (Deep Elf Summoner)         Turns: 2040, Time: 00:03:08

Health: -1/19      AC:  2    Str:  5    XL:     3   Next: 75%
Magic:  3/10       EV: 13    Int: 21    God:
Gold:   105        SH:  0    Dex: 15    Spells: 3/9 levels left

rFire   . . .      SeeInvis .    i - +0 dagger
rCold   . . .      Faith    .    (no shield)
rNeg    . . .      Spirit   .    a - +0 robe
rPois   .          Reflect  .    (no helmet)
rElec   .          Harm     .    (no cloak)
rCorr   .          Rampage  .    (no gloves)
Will    .....                    (no boots)
Stlth   +.........               (no amulet)
HPRegen 0.23/turn                (no ring)
MPRegen 0.12/turn                (no ring)

@: confused
A: no striking features
a: no special abilities


You were on level 3 of the Dungeon.
You visited 1 branch of the dungeon, and saw 3 of its levels.

You collected 105 gold pieces.

Inventory:

Hand Weapons
 i - a +0 dagger (weapon)
Missiles
 o - 6 boomerangs of dispersal
Armour
 a - a +0 robe (worn)
Jewellery
 g - a +6 ring of dexterity
 q - a ring of see invisible
Scrolls
 c - a scroll of teleportation {unknown}
 j - a scroll of blinking {unknown}
 k - 3 scrolls of identify {unknown}
 n - a scroll of vulnerability {unknown}
 p - 2 scrolls of fog {unknown}
 r - a scroll of poison {unknown}
Potions
 b - 2 potions of magic
 d - a potion of attraction {unknown}
 e - a potion of curing {unknown}
 f - 3 potions of might {unknown}
 h - a potion of invisibility {unknown}
 l - 2 potions of degeneration {unknown}
 m - 2 potions of heal wounds {unknown}


   Skills:
 + Level 1.0 Short Blades
 + Level 3.2 Dodging
 - Level 2.7 Stealth
 + Level 3.8 Spellcasting
 + Level 4.8 Summonings


You had 3 spell levels left.
You knew the following spells:

 Your Spells              Type           Power      Damage    Failure   Level
a - Summon Small Mammal   Summ           96%        N/A       1%          1
b - Call Imp              Summ           24%        N/A       2%          2
c - Call Canine Familiar  Summ           24%        N/A       4%          3

Your spell library contained the following spells:

 Spells                   Type           Power      Damage    Failure   Level
 Necrotise                Necr           16%        1d4       12%         1
 Summon Guardian Golem    Hex/Summ       14%        N/A       14%         3
 Portal Projectile        Hex/Tloc       8%         N/A       36%         3
 Vampiric Draining        Necr           4%         2d6       36%         3
 Summon Lightning Spire   Summ/Air       14%        N/A       41%         4
 Leda's Liquefaction      Hex/Erth       2%         N/A       77%         4
 Agony                    Necr           4%         N/A       98%         5


Dungeon Overview and Level Annotations

Branches:
Dungeon (3/15)

Altars:


Message History

Your hound bites the orc.
Your hound closely misses the orc.
The orc completely misses your hound.
Your hound bites the orc but does no damage.
Your hound bites the orc.
Your hound barely misses the orc.
Your hound bites the orc.
The orc dies!
Your hound bites the orc wizard.
Your hound bites the orc wizard.
The orc wizard gestures wildly while chanting.
The orc wizard flickers and vanishes!
Deactivating autopickup; reactivate with Ctrl-A.
Your crimson imp blinks!
The orc wizard casts a spell.
The orc wizard flickers and vanishes!
Your hound bites something.
A puff of flame appears from out of thin air!
The puff of flame hits your hound!
Your hound dies!
Your hound's corpse disappears in a puff of smoke!
Something hits you. Something hits you.
Your crimson imp hits something.
Something hits you.
Your crimson imp hits something.
Something hits you. The orc closely misses you. Something hits you.
Your crimson imp hits something but does no damage.
Something hits you.
You hear some strange, mumbled words.
Something tries to affect you, but you resist.
Your crimson imp completely misses something.
You hear some strange, mumbled words.
You are confused.
You hear some strange, mumbled words.
Something tries to affect you, but you resist.
Your crimson imp barely misses something.
Your crimson imp disappears in a puff of smoke!
You're too confused to move!
You hear some strange, mumbled words.
A puff of flame appears from out of thin air!
The puff of flame hits you!
You die...

.....................#
.....................#
.....................#
.....................#
..(..................#
.....................#
.....................#
....................ยง# ..
................@.{{.###....
..................o.o.).....
.....................###....
.....................# .
.....................#
.....................###
....................>....
#########################


You could see 2 orcs.

Vanquished Creatures
  A kobold (D:2)
  2 bats (D:1)
3 creatures vanquished.

Vanquished Creatures (collateral kills)
  An adder (D:3)
  2 dart slugs (D:2)
  An orc (D:3)
  6 ball pythons
  4 endoplasms
  A giant cockroach (D:1)
  A goblin (D:1)
  A hobgoblin (D:2)
  4 jackals (D:1)
  7 kobolds
  A quokka (D:2)
  3 bats
  2 frilled lizards
  3 rats
37 creatures vanquished.

Grand Total: 40 creatures vanquished

Notes
Turn   | Place    | Note
-------+----------+-------------------------------------------
     0 | D:1      | MisterAzrael the Deep Elf Summoner began the quest for the
                  | Orb.
     0 | D:1      | Reached XP level 1. HP: 10/10 MP: 6/6
   354 | D:1      | Reached XP level 2. HP: 15/15 MP: 6/8
   357 | D:1      | Learned a level 2 spell: Call Imp
  1308 | D:2      | Reached XP level 3. HP: 19/19 MP: 10/10
  1312 | D:2      | Learned a level 3 spell: Call Canine Familiar
  1928 | D:3      | Reached skill level 1 in Short Blades
  2040 | D:3      | Killed from afar by an orc wizard

Illustrated notes

Levels and vault maps discovered:
D:1:      dpeg_arrival_leaves_temple_mockup, layout_loops_ring,
          chequers_serial_rivers_large_b
D:2:      layout_loops_cross
D:3:      layout_basic

Skill      XL: |  1  2  3 |
---------------+----------+-----
Dodging        | 3 |  3.2
Short Blades   | 1 |  1.0
Stealth        | |  2.7
Spellcasting   | |  3.8
Summonings     | |  4.8

Action                   || total
-------------------------++-------
Melee: Dagger            ||    16
 Cast: Summon Small Mamm ||    25
       Call Imp          ||    11
       Call Canine Famil ||     8
Armor: Robe              ||    17
Dodge: Dodged            ||    50

Table legend: (Time is in decaauts)
 A = Elapsed time spent in this place.
 B = Non-inter-level travel time spent in this place.
 C = Inter-level travel time spent in this place.
 D = Time resting spent in this place.
 E = Time spent auto-exploring this place.
 F = Levels seen in this place.
 G = Mean time per level.
                   A        B        C        D        E       F      G
               +--------+--------+--------+--------+--------+-----+--------+
         Total |   2087 |   2026 |     61 |     39 |   1524 |   3 |  695.7 |
       Dungeon |   2087 |   2026 |     61 |     39 |   1524 |   3 |  695.7 |
               +--------+--------+--------+--------+--------+-----+--------+

Top non-repeatable levels by time:
     D:1: 1139 daAuts
     D:2: 804 daAuts
     D:3: 143 daAuts
